 Dungeon Crawl Stone Soup version 0.28.0-53-g5a82cb258f (webtiles) character file.

Game seed: 1794587605726303112

30042 Underfrisk the Thaumaturge (level 13, -29/114 HPs)
             Began as a Naga Wanderer on Aug 16, 2022.
             Was a High Priest of Nemelex Xobeh.
             Annihilated by Rupert
             ... wielding a +0 vampiric great sword
              (35 damage)
             ... on level 4 of the Lair of Beasts.
             The game lasted 03:04:26 (21995 turns).

Underfrisk the Thaumaturge (Naga Wanderer)         Turns: 21995, Time: 03:04:27

Health: -29/114    AC: 15    Str: 13    XL:     13   Next: 49%
Magic:  6/26       EV: 10    Int: 23    God:    Nemelex Xobeh [*****.]
Gold:   992        SH:  0    Dex: 13    Spells: 4/31 levels left

rFire   . . .      SeeInvis +   a - +2 quarterstaff (protect)
rCold   . . .      Faith    .   (shield currently unavailable)
rNeg    . . .      Spirit   .   f - +3 ring mail of Focus {Rampage rPois}
rPois   +          Reflect  .   o - +0 helmet
rElec   .          Harm     .   n - +0 cloak
rCorr   .          Rampage  +   p - +1 pair of gloves
Will    +....                   (no barding)
Stlth   ++........              (no amulet)
HPRegen 0.29/turn               B - +6 ring of intelligence
MPRegen 0.20/turn               S - ring of wizardry

@: about to teleport, short of breath, very slow
A: AC +4, large, see invisible, deformed body, poison resistance, slowness 2,
spit poison 1, naga tail 2
a: Spit Poison, Renounce Religion, Draw Escape, Draw Destruction, Draw
Summoning, Triple Draw, Deal Four, Stack Five


You were on level 4 of the Lair of Beasts.
You worshipped Nemelex Xobeh.
Nemelex Xobeh was extremely pleased with you.
You visited 3 branches of the dungeon, and saw 15 of its levels.
You also visited: Ossuary, Bailey and Gauntlet.

You collected 992 gold pieces.

Inventory:

Hand Weapons
 a - a +2 quarterstaff of protection (weapon)
 D - a +4 mace
Missiles
 c - 372 stones
Armour
 f - the +3 ring mail of Focus (worn) {Rampage rPois}
   (You found it on level 2 of the Lair of Beasts)

   rPois:     It protects you from poison.
   Rampage:   It bestows one free step when moving towards enemies.
 n - a +0 cloak (worn)
 o - a +0 helmet (worn)
 p - a +1 pair of gloves (worn)
 E - a +2 robe of cold resistance
 O - a +2 leather armour of poison resistance
 X - the +0 leather armour of Absence {rPois rCorr Slay-3}
   (You found it on level 10 of the Dungeon)

   Slay:      It affects your accuracy & damage with ranged weapons and melee
   (-3).
   rPois:     It protects you from poison.
   rCorr:     It protects you from acid and corrosion.
Magical Staves
 H - a staff of cold
 K - a staff of death
Jewellery
 B - a +6 ring of intelligence (left hand)
 Q - a ring of protection from cold
 R - a +6 ring of strength
 S - a ring of wizardry (right hand)
 Y - a ring of positive energy
Wands
 d - a wand of iceblast (4) (quivered)
 v - a wand of digging (4)
 A - a wand of flame (5)
 T - a wand of charming (4)
 U - a wand of mindburst (12)
 V - a wand of paralysis (4)
Scrolls
 e - 6 scrolls of identify
 g - 2 scrolls of immolation
 m - 5 scrolls of vulnerability
 q - a scroll of brand weapon
 s - 4 scrolls of amnesia
 u - 2 scrolls of enchant weapon
 w - 2 scrolls of torment {unknown}
 y - a scroll of magic mapping {unknown}
 G - 2 scrolls of noise
 I - 2 scrolls of acquirement
 J - a scroll of silence {unknown}
 L - 2 scrolls of enchant armour
 M - a scroll of summoning {unknown}
Potions
 b - 2 potions of brilliance
 h - 2 potions of flight
 i - 6 potions of degeneration
 k - 3 potions of curing
 l - 3 potions of mutation
 r - a potion of cancellation {unknown}
 t - 2 potions of lignification
 x - a potion of berserk rage {unknown}
 z - 4 potions of haste
 C - 2 potions of heal wounds {unknown}
 F - a potion of ambrosia {unknown}
 N - a potion of experience
 P - a potion of invisibility {unknown}
 W - a potion of resistance {unknown}
 Z - a potion of attraction {unknown}


   Skills:
 - Level 6.6 Fighting
 - Level 7.3 Staves
 - Level 5.4 Armour
 - Level 5.5 Dodging
 - Level 3.0 Stealth
 + Level 9.7 Spellcasting
 + Level 8.0 Conjurations
 + Level 7.8 Hexes
 * Level 6.5 Summonings
 + Level 4.4 Necromancy
 - Level 7.0 Earth Magic


You had 4 spell levels left.
You knew the following spells:

 Your Spells              Type           Power      Damage    Failure   Level
a - Sandblast             Erth           86%        2d18      1%          1
b - Stone Arrow           Conj/Erth      90%        3d12      1%          3
c - Slow                  Hex            100%       N/A       1%          1
d - Confusing Touch       Hex            47%        N/A       1%          3
e - Vampiric Draining     Necr           31%        2d8       2%          3
f - Summon Mana Viper     Hex/Summ       44%        N/A       7%          5
g - Borgnjor's Vile Clut  Necr/Erth      18%        N/A       12%         5
h - Summon Cactus Giant   Summ           20%        N/A       41%         6

Your spell library contained the following spells:

 Spells                   Type           Power      Damage    Failure   Level
 Pain                     Necr           100%       1d9       1%          1
 Tukima's Dance           Hex            47%        N/A       1%          3
 Animate Armour           Summ/Erth      84%        N/A       2%          4
 Anguish                  Hex/Necr       19%        N/A       3%          4
 Agony                    Necr           31%        N/A       21%         5
 Excruciating Wounds      Necr           15%        N/A       21%         5
 Summon Forest            Summ/Tloc      13%        N/A       32%         5
 Iron Shot                Conj/Erth      22%        9d5       32%         6
 Enfeeble                 Hex            23%        N/A       80%         7
 Lehudib's Crystal Spear  Conj/Erth      22%        10d6      100%        8


Dungeon Overview and Level Annotations

Branches:
Dungeon (10/15)            Temple (1/1) D:4            Lair (4/6) D:8
  Swamp (0/4) Lair:4       Spider (0/4) Lair:3      Ossuary (visited)
 Bailey (visited)         Gauntlet (visited)
    Orc: D:9-12

Altars:
Ashenzari
Cheibriados
Dithmenos
Elyvilon
Fedhas
Gozag
Hepliaklqana
Kikubaaqudgha
Makhleb
Nemelex Xobeh
Okawaru
Qazlal
Ru
Sif Muna
Trog
Uskayaw
Vehumet
Wu Jian
Xom
Yredelemnul
Zin
The Shining One

Shops:
D:2 (   D:8 ?

Annotations:
Lair:4 Rupert


Innate Abilities, Weirdness & Mutations

Your serpentine skin is tough. (AC +4)
You have supernaturally acute eyesight. (SInv)
Armour fits poorly on your strangely shaped body.
Your system is resistant to poisons. (rPois)
You cover ground very slowly.
You can spit poison.
You can use your snake-like lower body to constrict enemies.


Message History

Your mana viper bites the blink frog!!
The blink frog's magic leaks into the air.
The blink frog misses your mana viper.
Your mana viper misses the blink frog.
The blink frog barely misses you.
Aiming: Spit Poison (1% risk of failure)
Press: ? - help, Shift-Dir - straight line, f/p - Rupert
Aim: Rupert, wielding a +0 vampiric great sword and wearing a +0 ring mail of cold resistance (heavily wounded, berserk, very poisoned, 69% to hit)
The splash of poison hits Rupert.
Rupert looks even sicker.
Rupert is heavily wounded.
The blink frog blinks!
The blink frog misses your mana viper.
Rupert hits you with a +0 vampiric great sword!!
Rupert draws strength from your wounds!
Your mana viper closely misses the blink frog.
The blink frog hits you!
The blink frog blinks!
The blink frog closely misses your mana viper.
Casting: Stone Arrow (safe; 1% risk of failure)
Confirm with . or Enter, or press ? or * to list all spells.
Aiming: Vampiric Draining (mildly dangerous; 2% risk of failure)
Press: ? - help, Shift-Dir - straight line, f/p - Rupert
Aim: Rupert, wielding a +0 vampiric great sword and wearing a +0 ring mail of cold resistance (heavily wounded, berserk, very poisoned)
You draw life force from Rupert!
You feel life coursing into your body!
Rupert hits you with a +0 vampiric great sword!!!
* * * LOW HITPOINT WARNING * * *
Rupert draws strength from your wounds!
A blink frog comes into view.
Your mana viper bites the blink frog!!
The blink frog's magic leaks into the air.
Rupert hits you with a +0 vampiric great sword!
* * * LOW HITPOINT WARNING * * *
Rupert draws strength from your wounds!
Casting: Vampiric Draining (mildly dangerous; 2% risk of failure)
Confirm with . or Enter, or press ? or * to list all spells.
Okay, then.
As you read the scroll of teleportation, it crumbles to dust.
You feel strangely unstable.
Your mana viper disappears in a puff of smoke!
The blink frog falters for a moment.
Rupert hits you with a +0 vampiric great sword!!
You die...
Your body disappears without a glow.

..#....# #.. ...."P##
##...........'
#....####.....^.......#8
.......................!
P##...................#.
# ###...................
#....[...F...F.§P!F.
#P..........@F...#..
##..........@.......
#......÷........###
###.............#
###PP#..###P### ####..#
## ... #..#### ####...
### ###..#.####..#...#
#.###.#.........P..#
##.................#


You could see Rupert (berserk, very poisoned) and 4 blink frogs.

Vanquished Creatures
  An orc warlord (Bailey)
  3 hydras
  The ghost of Gurantaxtaxq the Thaumaturge, a journeyman DEFE of Vehumet (D:9)
  2 nameless horrors (D:9)
  A black mamba (Lair:3)
  Maggie (D:6)
  A rime drake (Lair:3)
  4 komodo dragons
  A troll (D:10)
  2 hornets
  4 blink frogs (Lair:4)
  Sigmund (D:3)
  2 jumping spiders (Lair:3)
  A culicivora (Lair:3)
  A ynoxinul (D:9)
  4 wyverns
  20 yaks
  A basilisk (D:8)
  5 redbacks (Lair:3)
  Menkaure (D:4)
  8 water moccasins
  Pargi (D:4)
  2 hornet zombies
  5 orc warriors
  A necrophage (D:4)
  An ogre (D:4)
  2 phantoms
  9 wolves
  2 centaurs (D:7)
  2 elf zombies (Ossuary)
  12 bullfrogs
  A wyvern zombie (D:7)
  5 scorpions
  A gnoll sergeant (D:5)
  7 killer bees
  12 wights
  A bullfrog skeleton (D:6)
  5 centaur zombies
  5 hounds
  A jelly (D:5)
  2 human zombies (Ossuary)
  3 orc priests (D:8)
  3 iguanas
  4 orc wizards
  3 mummies (Ossuary)
  7 adders
  7 gnolls
  A shadow imp (D:5)
  3 white imps
  5 adder zombies (Ossuary)
  5 worms
  3 dart slugs
  16 orcs
  5 ball pythons
  9 bats
  8 endoplasms
  3 giant cockroaches
  7 hobgoblins
  3 jackals
  8 quokkas
  3 frilled lizards
  6 goblins
  3 goblin zombies (Ossuary)
  4 hobgoblin zombies (Ossuary)
  A jackal zombie (Ossuary)
  17 kobolds
  3 kobold zombies (Ossuary)
  4 orc zombies (Ossuary)
  3 quokka zombies (Ossuary)
  10 rats
  5 rat zombies (Ossuary)
  A butterfly (Lair:2)
305 creatures vanquished.

Vanquished Creatures (collateral kills)
  Fannar (Lair:3)
  2 hydras
  A two-headed ogre (D:10)
  Nergalle (Lair:3)
  A black mamba (Lair:3)
  5 cane toads
  2 rime drakes
  7 komodo dragons
  A troll (D:9)
  A polar bear (Lair:3)
  A blink frog (Lair:4)
  2 jumping spiders (Lair:3)
  A meliai zombie (D:10)
  A culicivora (Lair:3)
  14 yaks
  A wyvern (Lair:4)
  A redback (Lair:3)
  3 water moccasins (Lair:2)
  12 wolves
  A kobold brigand (D:9)
  4 bullfrogs
  A gnoll sergeant (D:9)
  3 killer bees
  An iguana (Lair:4)
  4 gnolls (D:9)
  3 kobolds (D:9)
75 creatures vanquished.

Vanquished Creatures (others)
  A bush (Lair:2)
  2 demonic plants (Gauntlet)
  14 fungi
  36 plants
53 creatures vanquished.

Grand Total: 433 creatures vanquished

Notes
Turn   | Place    | Note
-------+----------+-------------------------------------------
     0 | D:1      | Underfrisk the Naga Wanderer began the quest for the Orb.
     0 | D:1      | Underfrisk set off with the following items: a +2
                  | quarterstaff, a +0 helmet, 42 stones, a +0 leather armour;
                  | and the following spell memorised: Sandblast; and the
                  | following spells available to memorise: Stone Arrow
     0 | D:1      | Reached XP level 1. HP: 18/18 MP: 2/2
    85 | D:1      | Found a faded altar of an unknown god.
   142 | D:1      | Reached XP level 2. HP: 25/25 MP: 0/3
   426 | D:1      | Reached XP level 3. HP: 26/31 MP: 5/5
   640 | D:1      | Learned a level 3 spell: Stone Arrow
  1292 | D:2      | Reached skill level 2 in Spellcasting
  1292 | D:2      | Reached XP level 4. HP: 38/38 MP: 3/7
  1407 | D:2      | Reached skill level 1 in Armour
  1629 | D:2      | Found Zilieg's Antique Weapon Boutique.
  2063 | D:3      | Reached XP level 5. HP: 44/45 MP: 4/8
  2373 | D:3      | Noticed Sigmund
  2392 | D:3      | Killed Sigmund
  2393 | D:3      | Reached skill level 3 in Spellcasting
  2393 | D:3      | Reached skill level 1 in Conjurations
  2393 | D:3      | Reached XP level 6. HP: 38/52 MP: 5/10
  2627 | D:3      | Found a glowing silver altar of Zin.
  2628 | D:3      | Noticed an angel
  2635 | D:3      | Learned a level 1 spell: Slow
  2639 | D:3      | Learned a level 3 spell: Confusing Touch
  2778 | D:4      | Found an opulent altar of Gozag.
  2904 | D:4      | Noticed a necrophage
  2921 | D:4      | Killed a necrophage
  2922 | D:4      | Reached XP level 7. HP: 42/61 MP: 1/12
  3037 | D:4      | Reached skill level 1 in Hexes
  3135 | D:4      | Found a sand-covered staircase.
  3142 | Ossuary  | Entered an ossuary
  4295 | Ossuary  | Reached skill level 4 in Spellcasting
  4295 | Ossuary  | Reached XP level 8. HP: 66/69 MP: 4/14
  4416 | D:4      | Noticed Menkaure
  4418 | D:4      | Killed Menkaure
  5170 | D:4      | Found a staircase to the Ecumenical Temple.
  5176 | Temple   | Entered the Ecumenical Temple
  5419 | Temple   | Became a worshipper of Nemelex Xobeh the Trickster
  5523 | D:4      | Noticed Pargi
  5538 | D:4      | Killed Pargi
  5901 | D:5      | Entered Level 5 of the Dungeon
  5987 | D:5      | Noticed a hornet
  6313 | D:5      | Killed a hornet
  6314 | D:5      | Reached skill level 5 in Spellcasting
  6314 | D:5      | Reached XP level 9. HP: 73/78 MP: 4/16
  6326 | D:5      | Learned a level 3 spell: Vampiric Draining
  6643 | D:5      | Reached skill level 5 in Staves
  6747 | D:5      | Found a hide-covered altar of Uskayaw.
  6831 | D:5      | Reached * piety under Nemelex Xobeh
  7069 | D:6      | Received a gift from Nemelex Xobeh
  7125 | D:6      | Found a faded altar of an unknown god.
  7125 | D:6      | Found a faded altar of an unknown god.
  7131 | D:6      | Found an ornate altar of the Wu Jian Council.
  7133 | D:6      | Found a radiant altar of Vehumet.
  7135 | D:6      | Found a bloodstained altar of Trog.
  7166 | D:6      | Noticed Maggie
  7187 | D:6      | Killed Maggie
  7306 | D:6      | Found a stormy altar of Qazlal.
  8149 | D:7      | Reached skill level 6 in Spellcasting
  8149 | D:7      | Reached skill level 5 in Earth Magic
  8234 | D:7      | Reached ** piety under Nemelex Xobeh
  8254 | D:7      | Found a broken altar of Ashenzari.
  8453 | D:7      | Reached XP level 10. HP: 87/87 MP: 9/19
 10419 | D:8      | Received a gift from Nemelex Xobeh
 10421 | D:8      | Found a flagged portal.
 10430 | Bailey   | Entered a bailey
 10435 | Bailey   | Noticed an orc warlord
 10525 | Bailey   | Reached skill level 5 in Fighting
 10710 | Bailey   | Found a runed translucent gate.
 10710 | Bailey   | Found a runed translucent gate.
 10718 | Bailey   | Found a runed translucent gate.
 10835 | Bailey   | Killed an orc warlord
 10836 | Bailey   | Reached skill level 7 in Spellcasting
 10836 | Bailey   | Reached skill level 5 in Conjurations
 11242 | D:8      | Reached XP level 11. HP: 45/96 MP: 12/21
 11318 | D:8      | Reached skill level 5 in Hexes
 11746 | D:8      | Found a staircase to the Lair.
 12019 | D:8      | Reached *** piety under Nemelex Xobeh
 12313 | D:8      | Found Zuihacwo's Magic Scroll Emporium.
 12544 | D:8      | Learned a level 5 spell: Summon Mana Viper
 12917 | D:9      | Noticed a nameless horror
 12920 | D:9      | Killed a nameless horror
 13133 | D:9      | Found a runed translucent door.
 13137 | D:9      | Noticed Gurantaxtaxq's ghost (journeyman DEFE)
 13154 | D:9      | Noticed a four-headed hydra
 13172 | D:9      | Killed a four-headed hydra
 13506 | D:9      | Reached skill level 5 in Dodging
 14051 | D:9      | Killed Gurantaxtaxq's ghost
 14052 | D:9      | Reached skill level 5 in Armour
 14052 | D:9      | Reached skill level 8 in Spellcasting
 14067 | D:9      | Got Cuwoenoh's Guide on Earth
 14076 | D:9      | Learned a level 5 spell: Borgnjor's Vile Clutch
 14151 | D:10     | Entered Level 10 of the Dungeon
 14156 | D:10     | Received a gift from Nemelex Xobeh
 14266 | D:10     | Found a hazy altar of Hepliaklqana.
 14282 | D:10     | Identified the +0 leather armour of Absence {rPois rCorr
                  | Slay-3}
 14976 | D:10     | Noticed a two-headed ogre
 14982 | D:10     | Killed a two-headed ogre
 14983 | D:10     | Reached XP level 12. HP: 105/105 MP: 8/24
 15214 | D:10     | Received a gift from Nemelex Xobeh
 15543 | Lair:1   | Entered Level 1 of the Lair of Beasts
 15745 | Lair:1   | Identified the +7 falchion of Pomo {flame, rF+ Dex-4 SInv}
 15748 | Lair:1   | Received a gift from Nemelex Xobeh
 16059 | Lair:1   | Noticed a six-headed hydra
 16066 | Lair:1   | Killed a six-headed hydra
 16157 | Lair:1   | Reached **** piety under Nemelex Xobeh
 16421 | Lair:1   | Noticed an eight-headed hydra
 17336 | Lair:2   | Found a gate leading to a gauntlet.
 17346 | Gauntlet | Entered a Gauntlet
 17346 | Gauntlet | Found a transporter.
 17353 | Gauntlet | Found a transporter.
 17356 | Gauntlet | Found a transporter.
 17357 | Gauntlet | Found a transporter.
 17365 | Gauntlet | Found a transporter.
 17368 | Gauntlet | Found a transporter.
 17369 | Gauntlet | Found a transporter.
 17377 | Gauntlet | Found a transporter.
 17380 | Gauntlet | Found a transporter.
 17417 | Gauntlet | Found a transporter.
 17426 | Gauntlet | Noticed a five-headed hydra
 17428 | Gauntlet | Found a transporter.
 17429 | Gauntlet | Found a transporter.
 17430 | Gauntlet | Found a transporter.
 17433 | Gauntlet | Found a runed translucent door.
 17433 | Gauntlet | Found a runed translucent door.
 17437 | Gauntlet | Found a transporter.
 17620 | Lair:2   | Identified the +3 ring mail of Focus {Rampage rPois}
 17715 | Lair:2   | Reached skill level 1 in Summonings
 17930 | Lair:2   | Received a gift from Nemelex Xobeh
 18223 | Lair:2   | Reached skill level 1 in Necromancy
 18912 | Lair:3   | Noticed Fannar
 18925 | Lair:3   | Killed Fannar
 18926 | Lair:3   | Reached skill level 9 in Spellcasting
 18940 | Lair:3   | Identified 2 scrolls of acquirement
 19042 | Lair:3   | Noticed Nergalle
 19049 | Lair:3   | Killed Nergalle
 19461 | Lair:3   | Noticed a four-headed hydra
 19466 | Lair:3   | Killed a four-headed hydra
 19681 | Lair:3   | Received a gift from Nemelex Xobeh
 19729 | Lair:3   | Gained mutation: You can use your snake-like lower body to
                  | constrict enemies. [Naga growth]
 19729 | Lair:3   | Reached XP level 13. HP: 99/114 MP: 14/26
 19817 | Lair:3   | Reached skill level 5 in Summonings
 19981 | Lair:3   | Reached ***** piety under Nemelex Xobeh
 20547 | Lair:3   | Found a hole to the Spider Nest.
 21052 | Lair:3   | Received a gift from Nemelex Xobeh
 21456 | Lair:4   | Noticed Rupert
 21482 | Lair:3   | Learned a level 6 spell: Summon Cactus Giant
 21835 | Lair:4   | Found a staircase to the Swamp.
 21994 | Lair:4   | HP: 5/114 [Rupert/+0 vampiric great sword (13)]
 21995 | Lair:4   | Annihilated by Rupert

Illustrated notes

Levels and vault maps discovered:
D:1:      lemuel_arrival_river_ford, layout_basic,
          shapermc_ecumenical_altar_starsandcircs
D:2:      layout_basic, serial_shops, nicolae_shop_waterfront
D:3:      layout_loops_ring, zin_angel, uniq_sigmund
D:4:      layout_basic, mainiacjoe_overflow_alcove_1, temple_green,
          enter_ossuary_1, uniq_pargi, uniq_menkaure
D:5:      layout_basic, nicolae_uskayaw_suspiria
D:6:      layout_gridville, nicolae_qazlal_scattered_showers,
          chequers_temple_overflow_minitemple, serial_glass, glass_columns_a,
          glass_columns_b, glass_columns_a, glass_columns_c, glass_columns_c,
          glass_columns_a, due_unseen_surprise, minmay_strange_pillars,
          dk_noncrumbling_3, dk_rats_in_the_wall, uniq_maggie
D:7:      layout_layer_cave, mainiacjoe_overflow_cross_hatched
D:8:      layout_loops_corners, minmay_lair_entry_grove, serial_shops,
          nicolae_shop_behind_doors, enter_bailey_6, grunt_ministairs_13
D:9:      layout_basic, hellmonk_ghost_big_iron
D:10:     layout_gridville, mainiacjoe_overflow_small_starburst
Temple:   nicolae_temple_figure_eight
Lair:1:   layout_regular_city, lemuel_fruit_tree, serial_bayou_shore_a
Lair:2:   layout_cave_pods, gauntlet_entry_generic, wad_woods_06, st_stairs_11,
          chequers_serial_rivers_large_a, lemuel_fruit_fields,
          grunt_megastairs_4
Lair:3:   layout_layer_cave, nicolae_spider_entry_tight_spaces, uniq_nergalle,
          uniq_fannar
Lair:4:   layout_cave_pods, minmay_swamp_entry_reptiles, grunt_megastairs_5,
          uniq_rupert

Skill      XL: |  1  2  3  4  5  6  7  8  9 10 11 12 13 |
---------------+----------------------------------------+-----
Spellcasting   | 2 3 4 5 6 7 8 9 |  9.7
Armour         | 1 2 3 4 5 |  5.4
Fighting       | 2 3 4 5 6 |  6.6
Conjurations   | 1 2 3 4 5 6 7 8 |  8.0
Earth Magic    | 3 4 5 6 7 |  7.0
Dodging        | 2 3 4 5 |  5.5
Hexes          | 1 2 3 4 5 7 |  7.8
Staves         | 4 5 6 7 |  7.3
Summonings     | 4 6 |  6.5
Necromancy     | 3 4 |  4.4
Stealth        | |  3.0

Action                   |  1- 3 |  4- 6 |  7- 9 | 10-12 | 13-15 || total
-------------------------+-------+-------+-------+-------+-------++-------
Melee: Quarterstaff      |    19 |    20 |   136 |   214 |    32 ||   421
       Constrict         |       |       |       |       |    10 ||    10
Throw: Boomerang         |       |       |       |     1 |       ||     1
 Cast: Sandblast         |    24 |    37 |    67 |   117 |    28 ||   273
       Stone Arrow       |       |     3 |    90 |    81 |    21 ||   195
       Slow              |       |       |    20 |    39 |     1 ||    60
       Confusing Touch   |       |       |     1 |     3 |       ||     4
       Vampiric Draining |       |       |     1 |     8 |     3 ||    12
       Summon Mana Viper |       |       |       |    47 |    20 ||    67
       Borgnjor's Vile C |       |       |       |    13 |     7 ||    20
 Abil: Spit Poison       |    25 |    24 |    22 |   117 |    31 ||   219
Evoke: Wand              |       |       |     1 |     1 |       ||     2
  Use: Scroll            |       |       |     3 |    22 |     2 ||    27
       Potion            |       |       |       |     1 |       ||     1
 Stab: Confused          |       |       |       |     1 |       ||     1
Armor: Leather armour    |    11 |    17 |    61 |   133 |       ||   222
       Ring mail         |       |       |       |    58 |    37 ||    95
Dodge: Dodged            |     9 |    17 |    82 |   215 |    26 ||   349
